 Dungeon Crawl Stone Soup version 0.30.0-15-g856e2d3f33 (webtiles) character file.

Game seed: 14945609284885224475

138779 greasedhog the Impaler (level 17, -12/146 HPs)
             Began as a Formicid Fighter on May 18, 2023.
             Was a High Priest of Okawaru.
             Killed from afar by a will-o-the-wisp (25 damage)
             ... with a foxfire
             ... on level 3 of the Swamp.
             The game lasted 00:54:34 (25089 turns).

greasedhog the Impaler (Formicid Fighter)          Turns: 25089, Time: 00:54:34

Health: -12/146    AC: 26    Str: 32    XL:     17   Next: 87%
Magic:  26/26      EV:  7    Int:  9    God:    Okawaru [*****.]
Gold:   1977       SH: 19    Dex: 19    Spells: 16/16 levels left

rFire   . . .        b - +5 glaive of the Guard {elec, spectral, AC+5}
rCold   + + +        F - +0 tower shield {rC+}
rNeg    . . .        G - +2 plate armour {rPois}
rPois   +            (helmet unavailable)
rElec   +            g - +0 cloak
rCorr   +            c - +1 pair of gloves of Iligot {rCorr Str+4}
SInv    +            (no boots)
Will    ++...        T - amulet of Oceval {Harm rElec rC+ Regen+} Stlth
                     t - ring of willpower
HPRegen 1.24/turn    z - ring "Sumoe" {rC+ Dex+6}
MPRegen 0.20/turn

%: harm (+30% outgoing, +20% incoming)
@: studying Spellcasting
A: permanent stasis, dig shafts and tunnels, antennae 3, four strong arms
a: Dig, Shaft Self, Renounce Religion, Heroism, Finesse, Duel


You were on level 3 of the Swamp.
You worshipped Okawaru.
Okawaru was extremely pleased with you.
You visited 5 branches of the dungeon, and saw 26 of its levels.
You also visited: Gauntlet.

You collected 2446 gold pieces.
You spent 469 gold pieces at shops.

Inventory:

Hand Weapons
 a - the +6 glaive of Darkness {flame, Int+4}
   (Okawaru gifted it to you on level 11 of the Dungeon)

   Int:       It affects your intelligence (+4).
 b - the +5 glaive of the Guard (weapon) {elec, spectral, AC+5}
   (You took it off a minotaur in a Gauntlet)

   AC:        It affects your AC (+5).
 K - the +8 whip of Blue Watchfulness {antimagic, rElec}
   (You found it on level 10 of the Dungeon)

   rElec:     It insulates you from electricity.
Missiles
 k - 18 boomerangs (quivered)
 A - 8 curare-tipped darts
 D - 13 silver javelins
 V - 5 throwing nets
Armour
 c - the +1 pair of gloves of Iligot (worn) {rCorr Str+4}
   (Okawaru gifted it to you on level 2 of the Orcish Mines)

   Str:       It affects your strength (+4).
   rCorr:     It protects you from acid and corrosion.
 g - a +0 cloak (worn)
 F - a +0 tower shield of cold resistance (worn)
 G - a +2 plate armour of poison resistance (worn)
Jewellery
 r - an amulet of the acrobat
 t - a ring of willpower (left hand)
 u - a ring of magical power
 z - the ring "Sumoe" (right hand) {rC+ Dex+6}
   (You took it off a skeletal warrior on level 11 of the Dungeon)

   [ring of dexterity]

   Dex:       It affects your dexterity (+6).
   rC:        It protects you from cold.
 T - the amulet of Oceval (around neck) {Harm rElec rC+ Regen+}
   (You found it in a Gauntlet)

   [amulet of regeneration]

   rC:        It protects you from cold.
   rElec:     It insulates you from electricity.
   Regen:     It increases your rate of health regeneration.
   Harm:      It increases damage dealt and taken.
Wands
 e - a wand of mindburst (4)
 v - a wand of roots (31)
 B - a wand of flame (112)
 E - a wand of polymorph (22)
 I - a wand of light (13)
Scrolls
 f - 4 scrolls of enchant armour
 h - 2 scrolls of fog
 i - 6 scrolls of amnesia
 j - 7 scrolls of identify
 l - 2 scrolls of enchant weapon
 w - 3 scrolls of fear
 y - 5 scrolls of magic mapping
 J - a scroll of immolation
 N - 2 scrolls of poison
 O - a scroll of torment {unknown}
Potions
 d - 6 potions of might
 m - 9 potions of ambrosia
 n - 3 potions of lignification
 o - 4 potions of cancellation
 p - 4 potions of attraction
 q - 9 potions of curing
 s - 4 potions of heal wounds
 x - 2 potions of resistance
 C - 8 potions of flight
 H - 5 potions of brilliance
 L - 3 potions of mutation
 M - a potion of invisibility
 Q - a potion of magic
Miscellaneous
 W - a lightning rod (4/4)


   Skills:
 * Level 16.9 Fighting
 - Level 20.0 Polearms
 + Level 11.4 Armour
 - Level 13.9 Shields
 - Level 13.0 Invocations


You had 16 spell levels left.
You didn't know any spells.
Your spell library contained the following spells:

 Spells                   Type           Power      Damage    Failure   Level
 Beastly Appendage        Tmut           0%         N/A       99%         1
 Freeze                   Ice            0%         1d3       99%         1
 Necrotise                Necr           0%         1d4       99%         1
 Sandblast                Erth           0%         2d4       99%         1
 Slow                     Hex            0%         N/A       99%         1
 Cigotuvi's Dreadful Rot  Necr/Pois/Air  0%         N/A       100%        2
 Ensorcelled Hibernation  Hex/Ice        0%         N/A       100%        2
 Lesser Beckoning         Tloc           0%         N/A       100%        2
 Passwall                 Tmut/Erth      0%         N/A       100%        2
 Wereblood                Tmut           0%         N/A       100%        2
 Confusing Touch          Hex            0%         N/A       100%        3
 Frozen Ramparts          Ice            0%         1d1       100%        3
 Gell's Gravitas          Tloc           0%         N/A       100%        3
 Hailstorm                Conj/Ice       0%         3d3       100%        3
 Ignite Poison            Fire/Tmut/Pois 0%         N/A       100%        3
 Portal Projectile        Hex/Tloc       0%         N/A       100%        3
 Spider Form              Tmut/Pois      0%         N/A       100%        3
 Stone Arrow              Conj/Erth      0%         3d7       100%        3
 Teleport Other           Tloc           0%         N/A       100%        3
 Vampiric Draining        Necr           0%         2d6       100%        3
 Leda's Liquefaction      Hex/Erth       0%         N/A       100%        4
 Olgreb's Toxic Radiance  Pois           0%         N/A       100%        4
 Agony                    Necr           0%         N/A       100%        5
 Alistair's Intoxication  Tmut/Pois      0%         N/A       100%        5
 Borgnjor's Vile Clutch   Necr/Erth      0%         N/A       100%        5
 Freezing Cloud           Conj/Ice/Air   0%         6-21      100%        5
 Iskenderun's Battlesphe  Conj           0%         2d6       100%        5
 Metabolic Englaciation   Hex/Ice        0%         N/A       100%        5
 Eringya's Noxious Bog    Tmut/Pois      0%         N/A       100%        6
 Orb of Destruction       Conj           0%         9d5       100%        7
 Borgnjor's Revivificati  Necr           0%         N/A       100%        8
 Discord                  Hex            0%         N/A       100%        8
 Ignition                 Fire           0%         3d3       100%        8
 Necromutation            Tmut/Necr      0%         N/A       100%        8
 Death's Door             Necr           0%         N/A       100%        9
 Call Canine Familiar     Summ           Unusable   N/A       N/A         3
 Summon Guardian Golem    Hex/Summ       Unusable   N/A       N/A         3
 Swiftness                Air            Unusable   N/A       N/A         3
 Spellforged Servitor     Conj/Summ      Unusable   N/A       N/A         7

Dungeon Overview and Level Annotations

Branches:
Dungeon (15/15)            Temple (1/1) D:4            Lair (5/5) D:8
  Swamp (3/4) Lair:2       Spider (0/4) Lair:3        Slime (0/5) Lair:4
    Orc (2/2) D:9             Elf (0/3) Orc:2        Vaults (0/5) D:13
 Depths (0/4) D:15        Gauntlet (visited)

Altars:
Ashenzari
Cheibriados
Dithmenos
Elyvilon
Fedhas
Gozag
Hepliaklqana
Kikubaaqudgha
Makhleb
Nemelex Xobeh
Okawaru
Qazlal
Ru
Sif Muna
Trog
Uskayaw
Vehumet
Wu Jian
Xom
Yredelemnul
Zin
The Shining One

Shops:
D:5 *   D:9 **   D:13 ?   D:14 (   Orc:2 ([==

Annotations:
D:4 3 runed translucent doors, minhee2137's ghost, amateur MiBe


Innate Abilities, Weirdness & Mutations

You cannot be hasted, slowed, berserked, paralysed or teleported.
You can dig through walls and to a lower floor.
You have a pair of large antennae on your head. (SInv)
Your four strong arms can wield two-handed weapons with a shield.


Message History

The will-o-the-wisp gestures.
The will-o-the-wisp conjures some foxfire!
A foxfire comes into view.
A foxfire comes into view.
The foxfire hits you! The foxfire hits you!!
The will-o-the-wisp gestures.
The will-o-the-wisp conjures some foxfire! 2 foxfires come into view.
You see here an alligator corpse.
You are too injured to fight recklessly!
You are too injured to fight recklessly!
You are too injured to fight recklessly!
Unknown command.
You are too injured to fight recklessly!
You are too injured to fight recklessly!
You completely miss the foxfire.
Your +5 glaive of the Guard {elec, spectral, AC+5} hits the foxfire.
The foxfire hits you.
The foxfire hits your +5 glaive of the Guard {elec, spectral, AC+5}!
Your +5 glaive of the Guard {elec, spectral, AC+5} resists.
Your spectral weapon shares its damage with you!
Unknown command.
Your +5 glaive of the Guard {elec, spectral, AC+5} disappears.
The foxfire hits you but does no damage.
The foxfire hits you!!
* * * LOW HITPOINT WARNING * * *
The will-o-the-wisp gestures.
The will-o-the-wisp conjures some foxfire! 2 foxfires come into view.
You feel much better. The foxfire hits you!
The will-o-the-wisp gestures.
The will-o-the-wisp conjures some foxfire! 2 foxfires come into view.
The foxfire hits you!
* * * LOW HITPOINT WARNING * * *
You see here an alligator corpse.
The foxfire hits you!
* * * LOW HITPOINT WARNING * * *
The foxfire hits you!!
You die...

~.~~~~~~~~~.~~~~~~~~~♣
..~~~~.~†~~~♣.~~~~~~~♣
.~♣~~♣.~~~~....~....♣♣
♣..♣♣.~~~~~~~~§~~.♣♣♣
♣~~♣♣.~~~~~~~~~~~.♣♣♣
♣♣♣♣♣.§~§~~~~~§~~♣~~♣
♣♣~..~~~....♣♣~.♣
♣♣♣.~§....♣°..♣♣
♣.......♣@.~♣
♣~~.....v♣♣♣♣
~♣.§.....§♣♣♣♣
.~.~♣~~~~§$..♣♣
~§~..§~~~..§~.♣
~~~~~~~~~~[~~>♣
~~~.~~~§~v~~.♣♣
~.>~~~~~~~~.~♣
~§~~§~~~~§...~♣


You could see a will-o-the-wisp.

Vanquished Creatures
  Saint Roka (Orc:2)
  A fenstrider witch (Swamp:2)
  A reaper (Gauntlet)
  2 eleionomae
  Azrael (D:15)
  4 bunyips
  A minotaur (Gauntlet)
  Snorg (Orc:2)
  A yaktaur captain (D:13)
  A fire dragon (D:14)
  Harold (D:11)
  Erolcha (D:12)
  Josephine (Orc:1)
  14 hydras
  4 ogre magi (Orc:2)
  5 centaur warriors
  6 boulder beetles
  2 catoblepae (Lair:5)
  A spriggan air mage (Swamp:1)
  A ghost crab (Swamp:2)
  20 two-headed ogres
  4 alligators
  12 death yaks
  A deep troll shaman (Lair:5)
  2 tengu warriors
  2 spriggan berserkers (Swamp:1)
  A skyshark (Lair:3)
  A skeletal warrior (D:11)
  5 goliath frogs
  4 spriggan druids
  5 bog bodies
  3 swamp dragons
  A necromancer (D:15)
  A deep elf zephyrmancer (D:15)
  6 orc knights
  13 ugly things
  5 cyclopes
  2 orc sorcerers (D:15)
  3 deep elf pyromancers
  2 manticores
  4 will-o-the-wisps
  3 elephants (Lair:5)
  A moth of wrath (Gauntlet)
  Joseph (D:8)
  2 black mambas
  A centaur skeleton (D:15)
  A cane toad (shapeshifter) (D:15)
  13 cane toads
  2 centaur zombies (D:15)
  4 gargoyles
  Maggie (D:8)
  4 efreet
  4 rime drakes
  7 komodo dragons
  A komodo dragon (shapeshifter) (D:11)
  2 unseen horrors (D:12)
  Psyche (D:8)
  2 yaktaurs (D:13)
  A kobold demonologist (D:11)
  A tengu conjurer (D:11)
  A queen bee (Lair:2)
  2 hellwings (Gauntlet)
  11 hornets
  9 tyrant leeches
  8 trolls
  Grinder (D:5)
  A blink frog (shapeshifter) (D:15)
  2 polar bears
  4 dream sheep
  Prince Ribbit (D:7)
  11 blink frogs
  5 slime creatures
  2 jumping spiders (Lair:3)
  Sigmund (D:2)
  6 shadows
  A centaur simulacrum (D:14)
  2 vampires
  8 wraiths
  45 yaks
  14 spriggans
  8 wyverns
  Eustachio (D:5)
  A fire elemental (D:15)
  3 basilisks
  Grum (D:8)
  A redback (shapeshifter) (D:11)
  6 vampire mosquitoes
  3 redbacks (Lair:3)
  Menkaure (D:4)
  4 wargs (Orc:1)
  10 swamp worms
  2 acid dragons
  13 water moccasins
  4 hell hounds (D:15)
  A swamp drake (Swamp:1)
  An ice beast (D:7)
  A sky beast (D:8)
  3 black bears
  21 orc warriors
  26 wolves
  3 phantoms
  11 centaurs
  25 ogres
  2 kobold brigands
  Blork the orc (D:5)
  15 bullfrogs
  3 scorpions
  12 wights
  34 killer bees
  An oklob sapling (D:4)
  9 howler monkeys
  2 electric eels (Lair:2)
  3 hounds
  A jelly (D:7)
  12 orc priests
  2 gnoll boudas
  Jessica (D:2)
  2 iguanas
  Ijyb (D:3)
  23 orc wizards
  2 hell rats (D:8)
  Terence (D:3)
  A boggart skeleton (D:15)
  12 gnolls
  9 adders
  A river rat (D:8)
  A shadow imp (Gauntlet)
  2 ufetubi
  5 dart slugs
  86 orcs
  2 bats (D:1)
  2 endoplasms
  A giant cockroach (D:1)
  5 goblins
  11 hobgoblins
  3 jackals (D:4)
  5 quokkas
  9 ball pythons
  4 frilled lizards
  12 kobolds
  5 rats
787 creatures vanquished.

Vanquished Creatures (others)
  An orc wizard (D:4)
  25 foxfires
  5 spectral weapons
31 creatures vanquished.

Grand Total: 818 creatures vanquished

Notes
Turn   | Place    | Note
-------+----------+-------------------------------------------
     0 | D:1      | greasedhog the Formicid Fighter began the quest for the
                  | Orb.
     0 | D:1      | Reached XP level 1. HP: 18/18 MP: 1/1
   131 | D:1      | Reached XP level 2. HP: 20/24 MP: 2/2
   371 | D:1      | Reached XP level 3. HP: 30/30 MP: 3/3
   389 | D:1      | Reached skill level 3 in Polearms
   970 | D:2      | Noticed Jessica
   980 | D:2      | Killed Jessica
   981 | D:2      | Reached XP level 4. HP: 26/37 MP: 4/4
   985 | D:2      | Got Jessica's Dissertation on Misfortune
  1216 | D:2      | Noticed Sigmund
  1225 | D:2      | Killed Sigmund
  1226 | D:2      | Reached skill level 5 in Polearms
  1226 | D:2      | Reached XP level 5. HP: 35/43 MP: 5/5
  1226 | D:2      | Reached XP level 6. HP: 40/50 MP: 6/6
  1645 | D:3      | Noticed Terence
  1650 | D:3      | Killed Terence
  1651 | D:3      | Reached skill level 5 in Fighting
  1813 | D:3      | Found a hide-covered altar of Uskayaw.
  1881 | D:3      | Noticed Ijyb
  1896 | D:3      | HP: 2/51 [constriction (2)]
  1897 | D:3      | Killed Ijyb
  2166 | D:3      | Reached XP level 7. HP: 50/56 MP: 7/7
  2449 | D:3      | Reached skill level 6 in Polearms
  2600 | D:4      | Found a staircase to the Ecumenical Temple.
  2635 | Temple   | Entered the Ecumenical Temple
  2760 | Temple   | Became a worshipper of Warmaster Okawaru
  2855 | D:4      | Noticed Grinder
  2865 | D:4      | You fall into a shaft and drop 2 floors!
  2997 | D:6      | Reached XP level 8. HP: 56/62 MP: 8/8
  3018 | D:5      | Entered Level 5 of the Dungeon
  3025 | D:5      | Reached skill level 7 in Polearms
  3040 | D:5      | Reached skill level 5 in Armour
  3062 | D:5      | Reached * piety under Okawaru
  3328 | D:5      | Killed Grinder
  3329 | D:5      | Reached skill level 8 in Polearms
  3329 | D:5      | Reached skill level 5 in Shields
  3363 | D:4      | Noticed Menkaure
  3372 | D:4      | Killed Menkaure
  3372 | D:4      | Reached ** piety under Okawaru
  3373 | D:4      | Reached skill level 1 in Invocations
  3373 | D:4      | Reached XP level 9. HP: 44/68 MP: 8/10
  3438 | D:4      | Found a runed translucent gate.
  3438 | D:4      | Found a runed translucent gate.
  3439 | D:4      | Found a runed translucent gate.
  3442 | D:4      | Noticed minhee2137's ghost (amateur MiBe)
  3661 | D:4      | Found a shadowy altar of Dithmenos.
  3802 | D:5      | Noticed Eustachio
  3819 | D:5      | Killed Eustachio
  3820 | D:5      | Reached skill level 9 in Polearms
  3834 | D:5      | Found Ziwacots's Assorted Antiques.
  3839 | D:5      | Bought a scroll of identify for 48 gold pieces
  3839 | D:5      | Bought a scroll of identify for 48 gold pieces
  3839 | D:5      | Bought a scroll of identify for 48 gold pieces
  3839 | D:5      | Identified a scroll of acquirement
  3843 | D:5      | Acquired the ring of Ratzuzu {Ice rElec rCorr Dex+3}
  3996 | D:5      | Found a sparkling altar of Nemelex Xobeh.
  4042 | D:5      | Noticed Blork the orc
  4050 | D:5      | Killed Blork the orc
  4762 | D:6      | Found a hazy altar of Hepliaklqana.
  4929 | D:6      | Reached skill level 10 in Polearms
  5132 | D:7      | Reached skill level 5 in Invocations
  5140 | D:7      | HP: 3/68 [iguana (5)]
  5428 | D:7      | Reached *** piety under Okawaru
  5507 | D:7      | Noticed Prince Ribbit
  5537 | D:7      | Killed Prince Ribbit
  5538 | D:7      | Reached skill level 11 in Polearms
  5538 | D:7      | Reached XP level 10. HP: 45/74 MP: 13/13
  6040 | D:8      | Noticed Joseph
  6063 | D:8      | HP: 2/77 [Joseph/+0 quarterstaff of distortion (6)]
  6064 | D:8      | Killed Joseph
  6149 | D:8      | Noticed a death yak
  6149 | D:8      | Noticed a death yak
  6179 | D:8      | Noticed a death yak
  6186 | D:8      | Killed a death yak
  6186 | D:8      | Reached **** piety under Okawaru
  6187 | D:8      | Reached skill level 12 in Polearms
  6198 | D:8      | Killed a death yak
  6208 | D:8      | Killed a death yak
  6209 | D:8      | Reached XP level 11. HP: 52/85 MP: 8/14
  6288 | D:8      | Found a staircase to the Lair.
  6288 | D:8      | Noticed Maggie
  6288 | D:8      | Noticed Grum
  6323 | D:8      | Reached skill level 13 in Polearms
  6329 | D:8      | Killed Grum
  6342 | D:8      | Killed Maggie
  6519 | D:8      | Noticed Psyche
  6528 | D:8      | Killed Psyche
  6571 | D:8      | Found a blossoming altar of Fedhas.
  6571 | D:8      | Found a stormy altar of Qazlal.
  6770 | D:8      | Found a runed translucent door.
  7172 | D:9      | Reached ***** piety under Okawaru
  7182 | D:9      | Found a staircase to the Orcish Mines.
  7221 | D:9      | Reached skill level 14 in Polearms
  7354 | D:9      | Noticed a two-headed ogre
  7355 | D:9      | Noticed a boulder beetle
  7395 | D:9      | Killed a two-headed ogre
  7426 | D:9      | HP: 3/89 [centaur/arrow (11)]
  7589 | D:9      | Noticed a tengu warrior
  7607 | D:9      | Killed a tengu warrior
  7608 | D:9      | Reached XP level 12. HP: 49/97 MP: 7/15
  7707 | D:9      | Killed a boulder beetle
  7708 | D:9      | Reached skill level 10 in Fighting
  7708 | D:9      | Reached skill level 15 in Polearms
  8056 | D:9      | Found Menlov's Specific Store.
  8058 | D:9      | Found Bopsuw's General Store.
  8071 | D:9      | Bought a scroll of identify for 32 gold pieces
  8071 | D:9      | Bought a scroll of identify for 32 gold pieces
  8071 | D:9      | Bought a scroll of identify for 32 gold pieces
  8445 | D:10     | Entered Level 10 of the Dungeon
  8540 | D:10     | Noticed a two-headed ogre
  8548 | D:10     | Killed a two-headed ogre
  8778 | D:10     | Noticed a two-headed ogre
  8795 | D:10     | Killed a two-headed ogre
  8812 | D:10     | Identified the +8 whip of Blue Watchfulness {antimagic,
                  | rElec}
  9015 | D:10     | Received a gift from Okawaru
  9368 | D:10     | Found a glowing golden altar of the Shining One.
  9368 | D:10     | Found a glowing silver altar of Zin.
  9368 | D:10     | Found a white marble altar of Elyvilon.
  9402 | D:10     | Found an opulent altar of Gozag.
  9406 | D:10     | Found a bloodstained altar of Trog.
  9407 | D:10     | Found a shimmering blue altar of Sif Muna.
  9409 | D:10     | Found a basalt altar of Yredelemnul.
  9558 | Orc:1    | Entered Level 1 of the Orcish Mines
  9572 | D:9      | Reached skill level 16 in Polearms
  9862 | Orc:1    | Noticed a two-headed ogre
  9872 | Orc:1    | Killed a two-headed ogre
 10041 | Orc:2    | Entered Level 2 of the Orcish Mines
 10252 | Orc:2    | Reached XP level 13. HP: 91/103 MP: 18/18
 10423 | Orc:2    | Found a staircase to the Elven Halls.
 10453 | Orc:2    | Noticed Josephine
 10487 | Orc:1    | Killed Josephine
 10518 | Orc:2    | Received a gift from Okawaru
 10747 | Orc:2    | Noticed Saint Roka
 11066 | Orc:2    | Killed Saint Roka
 11066 | Orc:2    | Received a gift from Okawaru
 11262 | Orc:2    | Reached skill level 10 in Armour
 11272 | Orc:2    | Noticed an ogre mage
 11272 | Orc:2    | Noticed an ogre mage
 11386 | Orc:1    | Reached skill level 10 in Invocations
 11402 | Orc:2    | Killed an ogre mage
 11415 | Orc:2    | Killed an ogre mage
 11693 | Orc:2    | Identified the +1 pair of gloves of Iligot {rCorr Str+4}
                  | (Okawaru gifted it to you on level 2 of the Orcish Mines)
 11693 | Orc:2    | Received a gift from Okawaru
 11853 | Orc:2    | Reached XP level 14. HP: 113/113 MP: 22/22
 11859 | Orc:2    | Found Goelaq's Jewellery Emporium.
 11859 | Orc:2    | Found Veheec's Jewellery Boutique.
 11860 | Orc:2    | Found Ummo's Armour Boutique.
 11860 | Orc:2    | Found Paiqaodirgh's Antique Weapon Shoppe.
 11875 | Orc:2    | Reached ****** piety under Okawaru
 12033 | Orc:2    | Bought a twisted trident for 229 gold pieces
 12033 | Orc:2    | Identified the +1 trident of Gulat {pain, +Blink rPois
                  | Int+2} (You bought it in a shop on level 2 of the Orcish
                  | Mines)
 12077 | Orc:2    | Noticed Snorg
 12100 | Orc:2    | Killed Snorg
 12630 | Lair:1   | Entered Level 1 of the Lair of Beasts
 13896 | Lair:2   | Received a gift from Okawaru
 14139 | Lair:2   | Found a staircase to the Swamp.
 14871 | Lair:3   | Found a hole to the Spider Nest.
 15012 | Lair:3   | Reached XP level 15. HP: 82/126 MP: 24/24
 15706 | Lair:4   | Found a staircase to the Slime Pits.
 16346 | Lair:5   | Entered Level 5 of the Lair of Beasts
 16762 | Lair:5   | Identified the +5 broad axe of Extremism {heavy, Int+5
                  | Dex+3} (Okawaru gifted it to you on level 5 of the Lair of
                  | Beasts)
 16762 | Lair:5   | Received a gift from Okawaru
 16763 | Lair:5   | Reached skill level 15 in Fighting
 16947 | Lair:5   | Identified the +7 flail of War {drain, *Corrode rElec
                  | Will+++ Stlth-}
 17486 | Lair:5   | Reached skill level 10 in Shields
 18159 | D:11     | Identified the +6 glaive of Darkness {flame, Int+4}
                  | (Okawaru gifted it to you on level 11 of the Dungeon)
 18159 | D:11     | Received a gift from Okawaru
 18200 | D:11     | Noticed Harold
 18212 | D:11     | Killed Harold
 18309 | D:11     | Found a blossoming altar of Fedhas.
 18737 | D:11     | Reached XP level 16. HP: 115/136 MP: 25/25
 18767 | D:11     | Found a glowing silver altar of Zin.
 18776 | D:11     | Identified the ring "Sumoe" {rC+ Dex+6}
 19213 | D:12     | Noticed Erolcha
 19215 | D:12     | Reached skill level 17 in Polearms
 19218 | D:12     | Killed Erolcha
 19359 | D:12     | Received a gift from Okawaru
 19718 | D:13     | Found a gate leading to a gauntlet.
 19724 | Gauntlet | Entered a Gauntlet
 19724 | Gauntlet | Found a transporter.
 19724 | Gauntlet | Found a transporter.
 19724 | Gauntlet | Found a runed translucent gate.
 19724 | Gauntlet | Found a runed translucent gate.
 19732 | Gauntlet | Found a transporter.
 19736 | Gauntlet | Found a transporter.
 19744 | Gauntlet | Found a transporter.
 19748 | Gauntlet | Found a transporter.
 19756 | Gauntlet | Found a transporter.
 19772 | Gauntlet | Found a transporter.
 19786 | Gauntlet | Found a transporter.
 19790 | Gauntlet | Found a transporter.
 19801 | Gauntlet | Found a transporter.
 19802 | Gauntlet | Found a transporter.
 19804 | Gauntlet | Found a runed translucent gate.
 19959 | Gauntlet | Identified the +0 helmet "Daecidd" {Will- Int+4}
 20073 | Gauntlet | Identified the +2 morningstar of Integrity {flame, Dex+4}
 20076 | Gauntlet | Identified the amulet of Oceval {Harm rElec rC+ Regen+}
 20240 | Gauntlet | Got Sif Muna's Quarto of Twinkling Hurting
 20341 | D:13     | Found a gate to the Vaults.
 20518 | D:13     | Received a gift from Okawaru
 20692 | D:13     | Found Mutoda Unton's Magic Scroll Shop.
 21146 | D:14     | Reached skill level 18 in Polearms
 21518 | D:14     | You fall into a shaft and drop 1 floor!
 21518 | D:15     | Entered Level 15 of the Dungeon
 21536 | D:15     | Noticed Azrael
 21544 | D:15     | Killed Azrael
 21753 | D:14     | Found Pahattal's Weapon Boutique.
 21788 | D:14     | Identified the +10 demon trident "Aneunom" {pain, rN+
                  | rCorr} (Okawaru gifted it to you on level 14 of the
                  | Dungeon)
 21788 | D:14     | Received a gift from Okawaru
 22063 | D:15     | Found a staircase to the Depths.
 22195 | D:15     | Reached XP level 17. HP: 143/143 MP: 26/26
 22652 | Swamp:1  | Entered Level 1 of the Swamp
 23050 | Swamp:1  | Received a gift from Okawaru
 23051 | Swamp:1  | Reached skill level 19 in Polearms
 24453 | Swamp:1  | Received a gift from Okawaru
 24885 | Swamp:3  | Reached skill level 20 in Polearms
 25089 | Swamp:3  | Killed from afar by a will-o-the-wisp

Illustrated notes

Levels and vault maps discovered:
D:1:      amcnicky_arrival_single_pillar, layout_loops_ring, fountainhead
D:2:      layout_basic, kennysheep_jessica_study, uniq_sigmund
D:3:      layout_basic, eat_drink_and_be_merry_uskayaw, minivault_25,
          kennysheep_generic_room_7, uniq_terence, uniq_ijyb
D:4:      layout_cave_pools, lemuel_coloured_pillars_altar,
          minmay_temple_entry_oklob, biasface_ghost_orc_armoury, uniq_menkaure,
          uniq_grinder
D:5:      layout_loops_ring, nemelex_dance_club_becter, serial_shops,
          nicolae_shop_tiny_statue_garden, uniq_blork_the_orc, uniq_eustachio
D:6:      layout_loops_ring, lemuel_round_altar, moated_statue
D:7:      layout_loops_cross, uniq_prince_ribbit1
D:8:      layout_basic, grunt_temple_overflow_forces_of_nature,
          dpeg_lair_monsters, hangedman_abyss_or_decor_stagger,
          lightli_church_of_beogh, uniq_maggie, uniq_psyche, uniq_grum,
          uniq_joseph
D:9:      minmay_ornate_pinched, layout_basic, orc_0_dummy,
          nicolae_specific_store, kennysheep_generic_room_9
D:10:     layout_basic, good_gods_mini_temple, minitemple, nrook_loot_triangle
D:11:     minmay_the_grid_octo_triangle [minmay_the_grid_octo_clover_2,
          minmay_the_grid_octo_prize_star,
          minmay_the_grid_octo_vomiting_pacman], layout_small_grid,
          fedhas_bush_and_centaur_altar, uniq_harold
D:12:     layout_gridville, uniq_erolcha
D:13:     minmay_general_purpose_star, layout_cave_pools, david_vaults_2,
          serial_shops, nicolae_shop_tiny_waterfront, gauntlet_entry_generic
D:14:     layout_grid_maze, moated_statue, serial_shops,
          nicolae_shop_window_shopping
D:15:     grunt_enter_depths_magical_seal, layout_cave_pools,
          minmay_misc_feat_hallway, uniq_azrael
Temple:   nicolae_temple_figure_zero
Lair:1:   layout_hall_layers, grunt_megastairs_1
Lair:2:   layout_roguey, nicolae_swamp_entry_splash_gauntlet, special_room
          [special_room_bee], serial_bayou_shore_b
Lair:3:   layout_gridlike, spider_nest_entry_funnel_web
Lair:4:   layout_concentric_octagons, slime_entry_1
Lair:5:   grunt_lair_end_beastmaster, layout_loops_ring, guppyfry_lair_drakes,
          grunt_megastairs_5
Swamp:1:  nicolae_swamp_secret_spriggan_hideout, layout_basic_swamp,
          nicolae_swamp_rocky_clearing, infiniplex_staircase_pool
Swamp:2:  layout_falls_marsh, nicolae_swamp_feature_on_the_river_bank
Swamp:3:  layout_basic_swamp, evilmike_swamp_ruin_house_4
Orc:1:    layout_caves, abandoned_shop
Orc:2:    st_orc_ogre_mass, layout_diamond_mine, uniq_snorg, uniq_saint_roka,
          uniq_josephine

Skill      XL: |  1  2  3  4  5  6  7  8  9 10 11 12 13 14 15 16 17 |
---------------+----------------------------------------------------+-----
Polearms       | 3 5 6 8 11 12 14 16 18 20 | 20.0
Fighting       | 4 5 7 9 10 11 14 15 16 | 16.9
Armour         | 4 5 8 10 11 | 11.4
Shields        | 5 7 11 13 | 13.9
Invocations    | 1 5 7 11 13 | 13.0

Action                     |  1- 3 |  4- 6 |  7- 9 | 10-12 | 13-15 | 16-18 || total
---------------------------+-------+-------+-------+-------+-------+-------++-------
  Melee: Trident           |    85 |     7 |       |       |       |       ||    92
         Halberd           |       |    73 |   404 |   647 |  1062 |       ||  2186
         Glaive            |       |       |       |       |    90 |   475 ||   565
         Whip              |       |       |       |       |    32 |       ||    32
         Flail             |       |       |       |       |     8 |       ||     8
  Throw: Boomerang         |       |     1 |       |     8 |     5 |       ||    14
         Dart              |       |       |     1 |     4 |     2 |       ||     7
         Throwing net      |       |       |       |       |     3 |       ||     3
 Invoke: Heroism           |       |       |       |     9 |     5 |     4 ||    18
         Finesse           |       |       |       |     3 |     3 |     3 ||     9
Ability: Shaft Self        |       |       |     1 |       |       |       ||     1
         Dig               |       |       |       |       |     4 |     1 ||     5
  Evoke: Wand              |       |       |       |     3 |       |     2 ||     5
    Use: Potion            |       |     1 |     5 |     2 |       |     1 ||     9
         Scroll            |       |     5 |     7 |     6 |     7 |     4 ||    29
   Stab: Distracted        |     1 |       |       |       |     1 |     7 ||     9
         Held in net/web   |       |       |       |       |     2 |       ||     2
 Armour: Scale mail        |    27 |    25 |    39 |    36 |       |       ||   127
         Chain mail        |       |       |   164 |   116 |       |       ||   280
         Plate armour      |       |       |       |    64 |   504 |   131 ||   699
  Dodge: Dodged            |    29 |    20 |   169 |   163 |   241 |    64 ||   686
  Block: Buckler           |     9 |    11 |   107 |    83 |       |       ||   210
         Kite shield       |       |       |       |    85 |   182 |       ||   267
         Tower shield      |       |       |       |       |   545 |   298 ||   843
